 Dungeon Crawl Stone Soup version 0.23-a0-650-ga4d50d4 (console) character file.

26 Duffy the Firebug (level 2, -2/28 HPs)
             Began as a Demonspawn Fire Elementalist on Jan 6, 2019.
             Slain by a leopard gecko (5 damage)
             ... on level 2 of the Dungeon.
             The game lasted 00:01:08 (1368 turns).

Duffy the Firebug (Demonspawn Fire Elementalist)    Turns: 1368, Time: 00:01:09

Health: -2/28      AC:  3    Str: 13    XL:     2   Next: 89%
Magic:  1/5        EV: 12    Int: 16    God:
Gold:   66         SH:  0    Dex: 13    Spells: 4/5 levels left

rFire    . . .     SeeInvis .   (no weapon)
rCold    . . .     Gourm    .   (no shield)
rNeg     . . .     Faith    .   a - +0 robe
rPois    +         Spirit   .   (no helmet)
rElec    .         Reflect  .   f - +0 cloak (curse)
rCorr    .         Harm     .   (no gloves)
MR       .....                  (no boots)
Stlth    ..........             (no amulet)
HPRegen  0.09/turn              d - ring of attention (curse)
MPRegen  0.09/turn              g - ring of poison resistance

@: berserking, very quick
A: powered by death 1
a: no special abilities


You were on level 2 of the Dungeon.
You were not hungry.

You visited 1 branch of the dungeon, and saw 2 of its levels.

You collected 66 gold pieces.

Inventory:

Armour
 a - a +0 robe (worn)
 f - a cursed +0 cloak (worn)
Jewellery
 d - a cursed ring of attention (left hand)
 g - a ring of poison resistance (right hand)
Wands
 p - a wand of clouds (6)
Scrolls
 b - a scroll of fog {unknown}
 h - a scroll of noise {unknown}
 j - a scroll of teleportation {unknown}
 k - 3 scrolls of remove curse {unknown}
 l - a scroll of identify {unknown}
Potions
 o - a potion of agility {unknown}
Comestibles
 c - 4 rations
 n - 4 chunks of flesh


   Skills:
 - Level 1.7 Dodging
 - Level 1.7 Stealth
 + Level 2.4 Spellcasting
 + Level 1.8 Conjurations
 + Level 3.1 Fire Magic


You had 4 spell levels left.
You knew the following spells:

 Your Spells              Type           Power        Failure   Level  Hunger
h - Flame Tongue          Conj/Fire      #....        7%          1    #......

Your spell library contained the following spells:

 Spells                   Type           Power        Failure   Level  Hunger
 Throw Flame              Conj/Fire      #.....       11%         2    ###....
 Conjure Flame            Conj/Fire      #.......     22%         3    ###....
 Inner Flame              Hex/Fire       #.......     30%         3    ###....
 Sticky Flame             Conj/Fire      #.......     56%         4    #####..
 Fireball                 Conj/Fire      #.........   89%         5    ######.


Dungeon Overview and Level Annotations

Branches:
Dungeon (2/15)

Altars:


Innate Abilities, Weirdness & Mutations

You regenerate a little health from kills.


Message History

Aim: a leopard gecko (heavily wounded, clinging)
The flame tongue hits the leopard gecko.
The leopard gecko is almost dead.
The leopard gecko bites you. x2
Casting: Flame Tongue (safe; 7% risk of failure)
Confirm with . or Enter, or press ? or * to list all spells.
You don't have enough magic to cast that spell.
It was a potion of flight.
You feel very buoyant.
You fly up into the air.
The leopard gecko barely misses you.
It was a potion of cancellation.
Your magical effects are unravelling.
You feel magically purged.
Your magical contamination has completely faded away.
You float gracefully downwards.
The leopard gecko barely misses you.
It was a potion of berserk rage.
A red film seems to cover your vision as you go berserk!
You feel yourself moving faster!
You feel mighty! The leopard gecko misses you. The leopard gecko bites you.
You die...

.####.######## #g
#........l.S# #g
#.##.....##.# #. #.
##...g##.#######.
##. #..#g##.g.gg.l%.
......##S###########
#.#### #.#
#(######.#
#.@lSggl.#
##########


You could see an adder, a leopard gecko, a hobgoblin, a goblin and a frilled
lizard.

Vanquished Creatures
  2 leopard geckos (D:1)
  2 giant cockroaches (D:1)
  3 goblins (D:1)
  5 hobgoblins
  A quokka (D:2)
  3 ball pythons
  3 frilled lizards (D:1)
  4 rats
23 creatures vanquished.

Notes
Turn   | Place    | Note
-------+----------+-------------------------------------------
     0 | D:1      | Duffy the Demonspawn Fire Elementalist began the quest for
                  | the Orb.
     0 | D:1      | Reached XP level 1. HP: 13/13 MP: 3/3
   376 | D:1      | Gained mutation: You regenerate a little health from kills.
                  | [demonic ancestry]
   376 | D:1      | Reached XP level 2. HP: 16/19 MP: 0/5
   569 | D:1      | Reached skill level 3 in Fire Magic
  1368 | D:2      | Slain by a leopard gecko

Vault maps used:
D:1:      mrwooster_arrival_statue, st_stairs_14, chequers_big_river,
          chequers_serial_rivers_large_b
D:2:      minmay_three_crescents

Skill      XL: |  1  2 |
---------------+-------+-----
Fire Magic     | 3 |  3.1
Dodging        | |  1.7
Stealth        | |  1.7
Spellcasting   | |  2.4
Conjurations   | |  1.8

Action                   || total
-------------------------++-------
Melee: Unarmed           ||     4
 Cast: Flame Tongue      ||    38
  Use: Potion            ||     3
  Eat: Chunk             ||     2
Armor: Robe              ||     9
Dodge: Dodged            ||    28

Table legend:
 A = Non-vault XP
 B = Vault XP
 C = Vault XP percentage of total XP
 D = Non-vault monster count
 E = Vault monster count
 F = Vault count percentage of total count
                 A         B        C        D         E       F
            +---------+---------+-------+---------+---------+-------
      Total |      35 |       3 |   7.9 |      21 |       2 |   8.7
            +---------+---------+-------+---------+---------+-------
        D:1 |      28 |       2 |   6.7 |      17 |       1 |   5.6
        D:2 |       7 |       1 |  12.5 |       4 |       1 |  20.0
            +---------+---------+-------+---------+---------+-------
